 Dungeon Crawl Stone Soup version 0.21.1-1-g345015f (webtiles) character file.

76 tidbits the Insei (level 4, -5/34 HPs)
             Began as a Gnoll Transmuter on Mar 21, 2018.
             Killed from afar by an orc wizard (6 damage)
             ... with a magic dart
             ... on level 3 of the Dungeon.
             The game lasted 00:04:08 (404 turns).

tidbits the Insei (Gnoll Transmuter)                 Turns: 404, Time: 00:04:09

Health: -5/34      AC:  2    Str: 13    XL:     4   Next: 32%
Magic:  8/11       EV: 23    Int: 16    God:
Gold:   90         SH:  0    Dex: 20    Spells: 3/13 levels left

rFire    . . .     SeeInvis .     - Unarmed
rCold    . . .     Gourm    .   (shield currently unavailable)
rNeg     . . .     Faith    .   (armour currently unavailable)
rPois    x         Spirit   .   (helmet currently unavailable)
rElec    .         Reflect  .   (cloak currently unavailable)
rCorr    .         Harm     .   (gloves currently unavailable)
MR       .....                  (boots currently unavailable)
Stlth    +.........             (no amulet)
HPRegen  0.11/turn              (no ring)
MPRegen  0.12/turn              (no ring)

@: confused, spider-form (expiring), hasted, very quick
A: tiny, distributed training, strong nose
a: End Transformation


You were on level 3 of the Dungeon.
You were not hungry.
You were a venomous arachnid creature.
You visited 1 branch of the dungeon, and saw 3 of its levels.

You collected 90 gold pieces.

Inventory:

Hand Weapons
 f - a +0 dagger
 p - a +0 dagger
Missiles
 a - 30 arrows
 h - 7 javelins (quivered)
 l - 12 sling bullets
 n - 46 stones
Armour
 b - a +0 robe (melded)
 m - a +0 pair of boots
 o - a cursed +0 ring mail
 C - a +0 cloak (melded)
Scrolls
 i - a scroll of fear {unknown}
 j - a scroll of immolation {unknown}
 k - 2 scrolls of enchant weapon {unknown}
Books
 c - a book of Changes

   Spells                             Type                      Level
   a - Beastly Appendage              Transmutation                1
   b - Sticks to Snakes               Transmutation                2
   c - Spider Form                    Transmutation/Poison         3
   d - Ice Form                       Ice/Transmutation            4
   e - Blade Hands                    Transmutation                5
Comestibles
 d - 2 rations


   Skills:
 + Level 2.7 Fighting
 + Level 1.1 Short Blades
 + Level 1.1 Long Blades
 + Level 1.1 Axes
 + Level 1.1 Maces & Flails
 + Level 1.1 Polearms
 + Level 1.1 Staves
 + Level 1.1 Slings
 + Level 1.1 Bows
 + Level 1.1 Crossbows
 + Level 1.1 Throwing
 + Level 1.1 Armour
 + Level 4.6 Dodging
 + Level 1.1 Stealth
 + Level 1.1 Shields
 + Level 6.6 Unarmed Combat
 + Level 5.0 Spellcasting
 + Level 0.8 Conjurations
 + Level 0.8 Hexes
 + Level 0.8 Charms
 + Level 0.8 Summonings
 + Level 0.8 Necromancy
 + Level 0.8 Translocations
 + Level 3.8 Transmutations
 + Level 0.8 Fire Magic
 + Level 0.8 Ice Magic
 + Level 0.8 Air Magic
 + Level 0.8 Earth Magic
 + Level 0.8 Poison Magic
 + Level 1.2 Invocations
 + Level 1.1 Evocations


You had 3 spell levels left.
You knew the following spells:

 Your Spells              Type           Power        Failure   Level  Hunger
e - Beastly Appendage     Tmut           ###...       11%         1    None
i - Ice Form              Ice/Tmut       ##......     71%         4    ####...
k - Sticks to Snakes      Tmut           ###.....     14%         2    #......
p - Spider Form           Tmut/Pois      ##........   36%         3    ###....


Dungeon Overview and Level Annotations

Branches:
Dungeon (3/15)

Altars:


Innate Abilities, Weirdness & Mutations

Your experience applies equally to all skills.
((You have very sharp teeth.))
Your uncanny sense of smell can sniff out nearby items.


Message History

d - 2 rations (gained 1)
Your transformation has ended.
Your +0 robe unmelds from your body.
A bat comes into view.
You see here a cloak.
q - a cloak Wear which item? (? for menu, Esc to quit)
You start putting on your armour.
You continue putting on your cloak. x4
You finish putting on your +0 cloak.
Adjust (i)tems, (s)pells, or (a)bilities?
Adjust which item? (? for menu, Esc to quit)
q - a +0 cloak (worn)
Adjust to which letter? (? for menu, Esc to quit)
C - a +0 cloak (worn)
A kobold comes into view. It is wielding a whip.
The kobold shouts!
There is a stone staircase leading down here.
You climb downwards.
There is a stone staircase leading up here.
Unknown command.
There is a stone staircase leading down here.
You climb downwards.
The orc wizard mumbles some strange words.
The orc wizard flickers and vanishes!
Found a runed copper ring.
There is a stone staircase leading up here.
Unknown command.
Unknown command.
The ogre shouts!
The orc priest mumbles some strange prayers to Beogh against you.
Pain shoots through your body!
* * * LOW HITPOINT WARNING * * *
You climb upwards.
There is a stone staircase leading down here.
Unknown command.
It was a potion of haste.
You feel yourself speed up.
The orc priest hits you but does no damage.
It was a potion of curing.
You feel better. The orc priest barely misses you.
Casting: Spider Form
Confirm with . or Enter, or press ? or * to list all spells.
You turn into a venomous arachnid creature.
Your +0 cloak melds into your body.
Your +0 robe melds into your body.
Unknown command.
You hit the orc priest.
The orc priest is poisoned.
The orc priest is lightly wounded.
The orc priest barely misses you.
You hit the orc priest.
The orc priest looks as sick as possible!
The orc priest is moderately wounded.
You hit the orc priest.
The orc priest is severely wounded.
The orc priest misses you.
You hit the orc priest but do no damage.
The orc priest looks as sick as possible!
The orc priest is severely wounded.
You barely miss the orc priest.
The orc priest is severely wounded.
You kill the orc priest!
Your Short Blades skill increases to level 1!
Your Long Blades skill increases to level 1!
Your Axes skill increases to level 1!
Your Maces & Flails skill increases to level 1!
Your Polearms skill increases to level 1!
Your Staves skill increases to level 1!
Your Slings skill increases to level 1!
Your Bows skill increases to level 1!
Your Crossbows skill increases to level 1!
Your Throwing skill increases to level 1!
Your Armour skill increases to level 1!
Your Stealth skill increases to level 1!
Your Shields skill increases to level 1!
Your Evocations skill increases to level 1!
You have reached level 4!
You feel stronger.
This spell is very dangerous to cast!
Memorise Ice Form, consuming 4 spell levels and leaving 3?
You start memorising the spell.
You continue memorising. x4
You finish memorising.
Spell assigned to 'i'.
Things that are here:
a hand axe; an orc corpse
There is a stone staircase leading down here.
Unknown command.
You climb downwards.
The orc wizard casts a spell at you.
You are confused.
The ogre hits you with a giant club!
* * * LOW HITPOINT WARNING * * *
There is a stone staircase leading up here.
Unknown command.
You aren't carrying any potions.
Unknown command.
Your transformation is almost over.
The orc wizard gestures at you while chanting.
You are more confused.
Unknown command.
You bump into the rock wall.
You closely miss the orc wizard. The orc hits you with a mace.
* * * LOW HITPOINT WARNING * * *
The orc wizard gestures at you while chanting.
The magic dart hits you!
You die...

## .# .# .# .#
##.#####
##O.....#
#s.......#
.......oo..o...=
........o.......
................
.......[........
######..........
...####........#
#.............
#.<.......


You could see an ogre, 2 orc wizards and 2 orcs.

Vanquished Creatures
  An orc priest (D:2)
  3 adders (D:2)
  A leopard gecko (D:2)
  4 bats
  2 goblins
  3 hobgoblins (D:2)
  2 frilled lizards (D:2)
  2 kobolds
  A rat (D:2)
19 creatures vanquished.

Vanquished Creatures (collateral kills)
  A goblin (D:2)
1 creature vanquished.

Grand Total: 20 creatures vanquished

Notes
Turn   | Place    | Note
-------+----------+-------------------------------------------
     0 | D:1      | tidbits the Gnoll Transmuter began the quest for the Orb.
     0 | D:1      | Reached XP level 1. HP: 17/17 MP: 6/6
    93 | D:2      | Reached XP level 2. HP: 18/23 MP: 7/7
    97 | D:2      | Learned a level 2 spell: Sticks to Snakes
   117 | D:2      | Reached XP level 3. HP: 13/28 MP: 6/9
   120 | D:2      | Reached skill level 5 in Spellcasting
   125 | D:2      | Learned a level 3 spell: Spider Form
   208 | D:2      | Reached skill level 1 in Invocations
   255 | D:3      | Noticed an ogre
   382 | D:3      | HP: 2/28 [orc priest/nerve-wracking pain (10)]
   391 | D:2      | Reached skill level 1 in Short Blades
   391 | D:2      | Reached skill level 1 in Long Blades
   391 | D:2      | Reached skill level 1 in Axes
   391 | D:2      | Reached skill level 1 in Maces & Flails
   391 | D:2      | Reached skill level 1 in Polearms
   391 | D:2      | Reached skill level 1 in Staves
   391 | D:2      | Reached skill level 1 in Slings
   391 | D:2      | Reached skill level 1 in Bows
   391 | D:2      | Reached skill level 1 in Crossbows
   391 | D:2      | Reached skill level 1 in Throwing
   391 | D:2      | Reached skill level 1 in Armour
   391 | D:2      | Reached skill level 1 in Stealth
   391 | D:2      | Reached skill level 1 in Shields
   391 | D:2      | Reached skill level 1 in Evocations
   391 | D:2      | Reached XP level 4. HP: 15/34 MP: 7/11
   397 | D:2      | Learned a level 4 spell: Ice Form
   404 | D:3      | HP: 1/34 [orc/mace (6)]
   404 | D:3      | Killed from afar by an orc wizard

Skill      XL: |  1  2  3 |
---------------+----------+-----
Spellcasting   | 5 |  5.0
Invocations    | 1 |  1.2
Short Blades   | 1 |  1.1
Long Blades    | 1 |  1.1
Axes           | 1 |  1.1
Maces & Flails | 1 |  1.1
Polearms       | 1 |  1.1
Staves         | 1 |  1.1
Slings         | 1 |  1.1
Bows           | 1 |  1.1
Crossbows      | 1 |  1.1
Throwing       | 1 |  1.1
Armour         | 1 |  1.1
Stealth        | 1 |  1.1
Shields        | 1 |  1.1
Evocations     | 1 |  1.1
Fighting       | |  2.7
Dodging        | |  4.6
Unarmed Combat | |  6.6
Conjurations   | |  0.8
Hexes          | |  0.8
Charms         | |  0.8
Summonings     | |  0.8
Necromancy     | |  0.8
Translocations | |  0.8
Transmutations | |  3.8
Fire Magic     | |  0.8
Ice Magic      | |  0.8
Air Magic      | |  0.8
Earth Magic    | |  0.8
Poison Magic   | |  0.8

Action                   |  1- 3 |  4- 6 || total
-------------------------+-------+-------++-------
Melee: Unarmed           |    45 |     1 ||    46
       Bite              |     3 |       ||     3
       Headbutt          |     2 |       ||     2
       Punch             |     1 |       ||     1
       Kick              |     3 |       ||     3
Throw: Javelin           |     5 |       ||     5
 Cast: Beastly Appendage |     6 |       ||     6
       Sticks to Snakes  |     3 |       ||     3
       Spider Form       |     4 |       ||     4
  Use: Potion            |     2 |       ||     2
Armor: Robe              |     5 |       ||     5
       Skin              |     2 |       ||     2
Dodge: Dodged            |    40 |       ||    40

Table legend:
 A = Turns spent in this place as a percentage of turns spent in the entire game.
 B = Non-inter-level travel turns spent in this place as a percentage of non-inter-level travel turns spent in the entire game.
 C = Inter-level travel turns spent in this place as a percentage of turns spent in this place.
 D = Turns resting spent in this place as a percentage of non-inter-level travel turns spent in this place.
 E = Turns spent auto-exploring this place as a percentage of non-inter-level travel turns spent in this place.
 F = Non-inter-level travel turns spent in this place divided by the number of levels of this place that you've seen.
                   A       B       C       D       E      F
               +-------+-------+-------+-------+-------+----------------------
         Total | 100.0 | 100.0 |   0.0 |   0.0 |   0.0 | 134.7
       Dungeon | 100.0 | 100.0 |   0.0 |   0.0 |   0.0 | 134.7
               +-------+-------+-------+-------+-------+----------------------

Table legend:
 A = Kills in this place as a percentage of kills in entire the game.
 B = Kills by you in this place as a percentage of kills by you in the entire game.
 C = Kills by friends in this place as a percentage of kills by friends in the entire game.
 D = Other kills in this place as a percentage of other kills in the entire game.
 E = Experience gained in this place as a percentage of experience gained in the entire game.
 F = Experience gained in this place divided by the number of levels of this place that you have seen.
                   A       B       C       D       E      F
               +-------+-------+-------+-------+-------+----------------------
         Total | 100.0 | 100.0 | 100.0 |   N/A | 100.0 |  36.3
       Dungeon | 100.0 | 100.0 | 100.0 |   N/A | 100.0 |  36.3
               +-------+-------+-------+-------+-------+----------------------

Vault maps used:
D:1:      dpeg_arrival_concentric_ovals
D:2:      first_ration, minmay_bisected
D:3:      minitemple
